 Dungeon Crawl Stone Soup version 0.30.0-29-ga12c61a403 (webtiles) character file.

Game seed: 3186668126871892813

32 Graphine the Ducker (level 3, -4/28 HPs)
             Began as a Merfolk Gladiator on June 21, 2023.
             Slain by Grinder (6 damage)
             ... while paralysed by Grinder
             ... on level 3 of the Dungeon.
             The game lasted 00:02:10 (1641 turns).

Graphine the Ducker (Merfolk Gladiator)             Turns: 1641, Time: 00:02:10

Health: -4/28      AC:  4    Str: 14    XL:     3   Next: 27%
Magic:  3/3        EV:  2    Int:  7    God:
Gold:   129        SH:  0    Dex: 17    Spells: 2/2 levels left

rFire   . . .        a - +0 long sword
rCold   . . .        (no shield)
rNeg    . . .        b - +0 leather armour
rPois   .            c - +0 helmet
rElec   .            (no cloak)
rCorr   .            (no gloves)
SInv    .            (no boots)
Will    .....        (no amulet)
Stlth   ++           (no ring)
HPRegen 0.24/turn    (no ring)
MPRegen 0.08/turn

%: no passive effects
@: paralysed
A: (nimble swimmer 2), mertail
a: no special abilities


You were on level 3 of the Dungeon.
You visited 1 branch of the dungeon, and saw 3 of its levels.

You collected 129 gold pieces.

Inventory:

Hand Weapons
 a - a +0 long sword (weapon)
Missiles
 d - 4 throwing nets (quivered)
 e - a javelin
Armour
 b - a +0 leather armour (worn)
 c - a +0 helmet (worn)
Jewellery
 g - a ring of positive energy
Scrolls
 l - a scroll of teleportation
 m - a scroll of vulnerability
Potions
 f - a potion of cancellation {unknown}
 h - a potion of magic {unknown}
 i - 2 potions of haste {unknown}
 j - 2 potions of brilliance {unknown}
 k - a potion of might {unknown}


   Skills:
 * Level 2.7 Fighting
 * Level 4.0 Long Blades
 + Level 2.2 Throwing
 * Level 4.4 Dodging
 + Level 0.7 Stealth
 + Level 0.7 Invocations


You had 2 spell levels left.
You didn't know any spells.
Your spell library contained the following spells:

 Spells                   Type           Power      Damage    Failure   Level
 Poisonous Vapours        Pois/Air       0%         N/A       65%         2
 Mephitic Cloud           Conj/Pois/Air  0%         N/A       87%         3
 Freezing Cloud           Conj/Ice/Air   0%         6-21      100%        5


Dungeon Overview and Level Annotations

Branches:
Dungeon (3/15)

Altars:

Annotations:
D:3 Grinder


Innate Abilities, Weirdness & Mutations

((You are very nimble when in or above water. (Stealth+, EV+, Speed+++)))
Your lower body shifts to a powerful aquatic tail in water.


Message History

You kill the hobgoblin!
You miss the frilled lizard.
You punch the frilled lizard, but do no damage.
The frilled lizard bites you. The frilled lizard closely misses you.
You closely miss the frilled lizard. The frilled lizard closely misses you.
You slash the frilled lizard!
You kill the frilled lizard!
No target in view!
HP restored.
Grinder is nearby!
Grinder shouts!
Grinder blinks!
No target in view!
No target in view!
No target in view!
Unknown command.
k - a smoky puce potion No target in view!
No target in view!
Grinder is nearby!
Grinder gestures at you. Pain shoots through your body!
Grinder blinks!
Grinder gestures at you. Pain shoots through your body!
Grinder blinks!
No target in view!
No target in view!
Grinder is nearby!
Grinder hits you.
You writhe in agony.
You slash Grinder!
Grinder is moderately wounded.
Grinder gestures at you.
You suddenly lose the ability to move!
Grinder barely misses you. Grinder hits you.
You writhe in agony.
Grinder hits you!
* * * LOW HITPOINT WARNING * * *
You writhe in agony.
You die...

#.......###.?♣
#............♣#
#.............♣♣♣.♣
#.......##.#.....♣
##..... #....♣♣♣.♣
..5..#######.♣#
#l.....# #.♣ ♣
#..###.# #.♣# .♣#
#.<....####@.♣♣♣...♣♣♣
#.###.....5...........
#. ##...####.##....#.#
#. ............###.#
.. ....>#####..# .. ##
### #.# # #.. #.# .#


You could see Grinder.

Vanquished Creatures
  An adder (D:3)
  A dart slug (D:1)
  2 endoplasms
  2 giant cockroaches (D:1)
  2 hobgoblins
  2 jackals (D:2)
  4 kobolds
  A quokka (D:1)
  A ball python (D:1)
  2 frilled lizards
  2 rats
20 creatures vanquished.

Notes
Turn   | Place    | Note
-------+----------+-------------------------------------------
     0 | D:1      | Graphine the Merfolk Gladiator began the quest for the Orb.
     0 | D:1      | Reached XP level 1. HP: 16/16 MP: 1/1
   356 | D:1      | Reached XP level 2. HP: 23/23 MP: 2/2
  1587 | D:3      | Noticed Grinder
  1601 | D:3      | Reached XP level 3. HP: 28/28 MP: 3/3
  1638 | D:3      | Paralysed by Grinder for 5 turns
  1641 | D:3      | Slain by Grinder

Illustrated notes

Levels and vault maps discovered:
D:1:      eino_arrival_cavern_a, layout_basic, reono_crystal_passage
D:2:      layout_loops_ring, fountainhead
D:3:      gammafunk_wand_slinger, layout_loops_ring, small_statue_intersection,
          hex_tiny, minmay_stone_trees_medium, kennysheep_small_spiral,
          uniq_grinder, uniq_jessica

Skill      XL: |  1  2 |
---------------+-------+-----
Long Blades    | 4 |  4.0
Fighting       | |  2.7
Throwing       | |  2.2
Dodging        | |  4.4
Stealth        | |  0.7
Invocations    | |  0.7

Action                     || total
---------------------------++-------
  Melee: Long sword        ||    61
         Punch             ||     1
    Use: Scroll            ||     4
 Armour: Leather armour    ||    14
  Dodge: Dodged            ||    40
